 Dungeon Crawl Stone Soup version 0.24-a0-613-g1ff6aac (webtiles) character file.

Game seed: 11749229199864992550, levelgen mode: deterministic

101402 COBRA the Severer (level 16, 0/147 HPs)
             Began as a Hill Orc Fighter on Sept 9, 2019.
             Was the Champion of Okawaru.
             Slain by a 14-headed hydra (10 damage)
             ... on level 15 of the Dungeon.
             The game lasted 00:43:22 (8716 turns).

COBRA the Severer (Hill Orc Fighter)                Turns: 8716, Time: 00:43:23

Health: 0/147      AC: 20    Str: 29    XL:     16   Next: 30%
Magic:  19/22      EV: 11    Int:  8    God:    Okawaru [******]
Gold:   429        SH: 15    Dex: 12    Spells: 15/15 levels left

rFire    . . .     SeeInvis .   a - +4 broad axe (elec)
rCold    + . .     Gourm    .   c - +0 shield
rNeg     + . .     Faith    .   v - +5 chain mail "Sunaor" {+Inv rElec rN+}
rPois    .         Spirit   .   i - +0 helmet
rElec    +         Reflect  .   k - +1 cloak of Brilliance {MR+ Str+5}
rCorr    .         Harm     .   w - +1 pair of gloves
MR       +++..                  d - +0 pair of boots of the Game of Kings {rElec}
Stlth    ..........             (no amulet)
HPRegen  0.34/turn              t - ring of protection from cold
MPRegen  0.18/turn              G - ring of protection from magic (curse)

@: about to teleport, finesse, corroded
A: no striking features
a: Heroism, Finesse, Renounce Religion, Evoke Invisibility


You were on level 15 of the Dungeon.
You worshipped Okawaru.
Okawaru was exalted by your worship.
You were not hungry.

You visited 4 branches of the dungeon, and saw 24 of its levels.
You also visited: Volcano.

You collected 1434 gold pieces.
You spent 1005 gold pieces at shops.

Inventory:

Hand Weapons
 a - a +4 broad axe of electrocution (weapon)
 b - a +0 morningstar
 r - a +2 hand axe of freezing
 u - a +1 war axe
Armour
 c - a +0 shield (worn)
 d - the +0 pair of boots of the Game of Kings (worn) {rElec}
   (You bought it in a shop on level 2 of the Orcish Mines)

   It insulates you from electricity.
 i - a +0 helmet (worn)
 k - the +1 cloak of Brilliance (worn) {MR+ Str+5}
   (Okawaru gifted it to you on level 11 of the Dungeon)

   It affects your strength (+5).
   It affects your resistance to hostile enchantments.
 s - a +5 chain mail of fire resistance
 v - the +5 chain mail "Sunaor" (worn) {+Inv rElec rN+}
   (You bought it in a shop on level 2 of the Orcish Mines)

   It insulates you from electricity.
   It protects you from negative energy.
   It lets you turn invisible.
 w - a +1 pair of gloves (worn)
Jewellery
 e - an uncursed ring of fire
 n - an uncursed ring of flight
 p - an uncursed ring of wizardry
 t - a ring of protection from cold (left hand)
 G - a cursed ring of protection from magic (right hand)
Wands
 y - a wand of flame (13)
 F - a wand of random effects (19)
 H - a wand of acid (9)
 I - a wand of polymorph (8)
Scrolls
 g - a scroll of amnesia
 h - 5 scrolls of immolation
 B - 2 scrolls of remove curse
Potions
 j - a potion of degeneration {unknown}
 o - a potion of mutation {unknown}
 q - 2 potions of might
 x - 7 potions of resistance
 z - a potion of brilliance {unknown}
 A - 2 potions of berserk rage {unknown}
 C - a potion of cancellation {unknown}
 D - a potion of curing
 E - 3 potions of heal wounds
 K - a potion of flight {unknown}
Miscellaneous
 m - a box of beasts
Comestibles
 f - 11 rations


   Skills:
 - Level 14.4 Fighting
 - Level 18.3 Axes
 - Level 10.0 Armour
 - Level 4.7 Dodging
 * Level 15.1 Shields
 - Level 8.3 Invocations


You had 15 spell levels left.
You didn't know any spells.
Your spell library contained the following spells:

 Spells                   Type           Power        Failure   Level  Hunger
 Freeze                   Ice            #...         87%         1    ##.....
 Summon Butterflies       Summ           #.......     87%         1    ##.....
 Swiftness                Chrm/Air       #.......     95%         2    ###....
 Throw Frost              Conj/Ice       #.....       95%         2    ###....
 Call Canine Familiar     Summ           #.......     99%         3    ####...
 Lesser Beckoning         Tloc           #.........   99%         3    ####...
 Ozocubu's Armour         Chrm/Ice       #.......     99%         3    ####...
 Portal Projectile        Hex/Tloc       #.....       99%         3    ####...
 Recall                   Summ/Tloc      N/A          99%         3    ####...
 Summon Ice Beast         Ice/Summ       #.......     100%        4    #####..
 Throw Icicle             Conj/Ice       #.......     100%        4    #####..
 Iskenderun's Battlesphe  Conj/Chrm      #.......     100%        5    ######.
 Summon Mana Viper        Hex/Summ       #.......     100%        5    ######.
 Summon Hydra             Summ           #.........   100%        7    #######


Dungeon Overview and Level Annotations

Branches:
Dungeon (15/15)            Temple (1/1) D:4            Lair (6/6) D:11
  Slime (0/5) Lair:6          Orc (2/2) D:10            Elf (0/3) Orc:2
Volcano (visited)
  Swamp: Lair:2-4    Shoals: Lair:2-4     Snake: Lair:2-4    Spider: Lair:2-4
 Vaults: D:13-14     Depths: D:15

Altars:
Ashenzari
Cheibriados
Fedhas
Kikubaaqudgha
Makhleb
Nemelex Xobeh
Okawaru
Qazlal
Sif Muna
Trog
Uskayaw
Vehumet
Xom
Zin
The Shining One
Jiyva

Shops:
Orc:2 [[[%*![[

Annotations:
D:1 exclusion: downstairs
D:2 Robin
D:7 Harold


Message History

You block the 14-headed hydra's attack. The 14-headed hydra bites you.
* * * LOW HITPOINT WARNING * * *
The 14-headed hydra completely misses you.
The 14-headed hydra bites you but does no damage. x2
You block the 14-headed hydra's attack.
The 14-headed hydra bites you but does no damage.
The 14-headed hydra bites you!
* * * LOW HITPOINT WARNING * * *
You block the 14-headed hydra's attack. The 14-headed hydra barely misses you.
The 14-headed hydra bites you but does no damage.
Okay, then.
The centaur shoots an arrow.
You block the arrow.
The centaur shoots an arrow.
The arrow closely misses you. You block the acid dragon's attack. x2
There is an open door here.
You see here an arrow.
As you read the scroll of teleportation, it crumbles to dust.
You feel strangely unstable. The 14-headed hydra bites you!
* * * LOW HITPOINT WARNING * * *
You block the 14-headed hydra's attack. x2; The 14-headed hydra bites you!
You die...

########...#
...........#
........(#
########.......#
#......#<)(....###+
#......#..)).......
#...(..#c.().......
+......DD...D......
##....@#)(.........
#...(.#(N.########
#.....#...#
#.....#.c.#
#######...# ....#
....# .....# ......


You could see a 14-headed hydra, 2 acid dragons and a centaur.

Vanquished Creatures
  Gastronok (Lair:2)
  Frances (D:13)
  A dire elephant (D:15)
  2 hydras
  A catoblepas (D:15)
  4 centaur warriors
  8 two-headed ogres
  An ogre mage (Orc:2)
  An orc high priest (Orc:2)
  Erica (Lair:2)
  6 death yaks (D:11)
  3 tengu warriors
  A slime creature (D:14)
  An unseen horror (D:10)
  4 orc knights
  A necromancer (D:13)
  3 orc sorcerers
  A manticore (D:12)
  A black mamba (Lair:6)
  2 centaur zombies (D:11)
  Joseph (D:7)
  3 gargoyles
  3 centaur skeletons
  8 spiny frogs
  A freezing wraith (D:15)
  4 komodo dragons
  A tengu conjurer (D:12)
  7 trolls
  3 blink frogs (Lair:5)
  A harpy skeleton (D:13)
  6 dream sheep (Lair:4)
  6 hippogriffs
  A shadow (D:10)
  A spriggan (D:13)
  A wyvern (Lair:2)
  31 yaks
  A yak (shapeshifter) (D:13)
  A fire bat (Volcano)
  4 vampire mosquitoes
  A naga (D:8)
  A soldier ant (D:13)
  2 hell hounds (Volcano)
  4 ice beasts
  6 water moccasins
  6 porcupines
  37 orc warriors
  An eye of draining (D:10)
  2 hornet zombies
  2 necrophages (D:11)
  4 wolves (D:8)
  9 ogres
  2 phantoms
  12 centaurs
  8 crocodiles
  9 bullfrogs
  A water moccasin zombie (D:10)
  2 scorpions
  6 wights
  A killer bee (D:7)
  2 howler monkeys (D:10)
  A crimson imp (D:15)
  7 jellies
  A bullfrog skeleton (D:4)
  3 hounds
  5 orc priests
  33 orc wizards
  An iguana (D:9)
  7 worker ants
  A hound zombie (D:5)
  A hound skeleton (D:11)
  4 mummies (D:11)
  2 worker ant zombies
  4 adders
  A white imp (D:11)
  An ooze (D:2)
  An adder skeleton (D:7)
  A worm (D:2)
  A dart slug (D:3)
  2 leopard geckos
  76 orcs
  2 ball pythons
  7 giant cockroaches
  6 goblins
  6 hobgoblins
  7 kobolds
  3 quokkas
  9 bats
  2 frilled lizards
  A quokka zombie (D:10)
  4 rats
446 creatures vanquished.

Vanquished Creatures (others)
  3 death yaks (Lair:6)
  2 orcs (Orc:2)
  2 fungi
  9 plants
16 creatures vanquished.

Grand Total: 462 creatures vanquished

Notes
Turn   | Place    | Note
-------+----------+-------------------------------------------
     0 | D:1      | COBRA the Hill Orc Fighter began the quest for the Orb.
     0 | D:1      | Reached XP level 1. HP: 19/19 MP: 1/1
   140 | D:1      | Reached skill level 3 in Axes
   148 | D:1      | Reached XP level 2. HP: 24/26 MP: 2/2
   196 | D:2      | You fall into a shaft and drop 2 floors!
   196 | D:4      | Found a staircase to the Ecumenical Temple.
   205 | Temple   | Entered the Ecumenical Temple
   254 | Temple   | Became a worshipper of Warmaster Okawaru
   283 | D:4      | Reached skill level 4 in Axes
   283 | D:4      | Reached XP level 3. HP: 10/31 MP: 3/3
   287 | D:4      | Noticed a phantom
   304 | D:3      | Reached skill level 5 in Axes
   304 | D:3      | Reached XP level 4. HP: 10/39 MP: 4/4
   610 | D:2      | Noticed Robin
   679 | D:2      | Reached skill level 6 in Axes
   959 | D:2      | Upgraded the game from 0.24-a0-611-gfb3efd0 to
                  | 0.24-a0-613-g1ff6aac
   959 | D:2      | Noticed an orc warrior
  1153 | D:3      | Reached XP level 5. HP: 45/45 MP: 5/5
  1264 | D:4      | Noticed a phantom
  1281 | D:4      | Reached skill level 7 in Axes
  1293 | D:4      | Killed a phantom
  1293 | D:4      | Reached skill level 8 in Axes
  1293 | D:4      | Reached XP level 6. HP: 19/51 MP: 6/6
  1608 | D:5      | Entered Level 5 of the Dungeon
  1660 | D:5      | Reached * piety under Okawaru
  1668 | D:5      | Reached skill level 1 in Invocations
  1843 | D:5      | Found a burning altar of Makhleb.
  1853 | D:5      | Reached XP level 7. HP: 37/57 MP: 5/10
  1870 | D:5      | Reached skill level 5 in Invocations
  2060 | D:6      | Reached ** piety under Okawaru
  2076 | D:6      | Reached XP level 8. HP: 61/64 MP: 11/13
  2080 | D:6      | You fall into a shaft and drop 1 floor!
  2102 | D:7      | Noticed Joseph
  2125 | D:7      | Killed Joseph
  2125 | D:7      | Reached skill level 5 in Fighting
  2125 | D:7      | Reached skill level 9 in Axes
  2455 | D:7      | Noticed Harold
  2526 | D:7      | Reached skill level 10 in Axes
  2555 | D:7      | Noticed a hippogriff
  2571 | D:7      | Killed a hippogriff
  2571 | D:7      | Reached *** piety under Okawaru
  2571 | D:7      | Reached XP level 9. HP: 23/78 MP: 13/15
  2889 | D:8      | Noticed Grum
  2905 | D:8      | HP: 6/121 [Grum/-1 spear (3)]
  2912 | D:8      | Noticed Grum
  2912 | D:8      | Grum changed into Grum the tengu
  2914 | D:8      | Noticed Grum
  2914 | D:8      | Grum the tengu changed into Grum the naga
  2920 | D:8      | HP: 3/81 [Grum the naga/splash of poison (3)]
  2929 | D:8      | Killed Grum the naga
  2929 | D:8      | HP: 4/123 [poisoned by Grum (splash of poison)]
  2937 | D:8      | HP: 4/123 [poisoned by Grum (splash of poison)]
  3339 | D:9      | Reached **** piety under Okawaru
  3340 | D:9      | Reached skill level 5 in Armour
  3340 | D:9      | Reached skill level 5 in Shields
  3352 | D:9      | Reached XP level 10. HP: 34/90 MP: 16/16
  3628 | D:10     | Entered Level 10 of the Dungeon
  3718 | D:11     | Reached ***** piety under Okawaru
  3897 | D:11     | Noticed a death yak
  3897 | D:11     | Noticed a death yak
  3898 | D:11     | Noticed a death yak
  3898 | D:11     | Noticed a death yak
  3900 | D:11     | Noticed a death yak
  3902 | D:11     | Noticed a death yak
  3907 | D:11     | Killed a death yak
  3917 | D:11     | Killed a death yak
  3917 | D:11     | Received a gift from Okawaru
  3922 | D:11     | Killed a death yak
  3932 | D:11     | Killed a death yak
  3932 | D:11     | Reached XP level 11. HP: 35/95 MP: 11/17
  3941 | D:11     | Killed a death yak
  3948 | D:11     | HP: 4/95 [death yak (21)]
  3970 | D:10     | Noticed Psyche
  3991 | D:10     | Noticed Psyche
  3991 | D:10     | Psyche changed into Psyche the porcupine
  3995 | D:10     | Killed Psyche the porcupine
  4457 | D:11     | Reached skill level 10 in Armour
  4473 | D:11     | Got a polished cloak {god gift}
  4479 | D:11     | Identified the +1 cloak of Brilliance {MR+ Str+5} (Okawaru
                  | gifted it to you on level 11 of the Dungeon)
  4483 | D:12     | Identified the Catalogue of the Lonely Mice
  4527 | D:12     | Noticed a manticore
  4536 | D:12     | Killed a manticore
  4536 | D:12     | Reached skill level 1 in Dodging
  4635 | D:13     | Noticed a tengu warrior
  4656 | D:13     | Noticed a necromancer
  4671 | D:13     | Killed a tengu warrior
  4683 | D:13     | Killed a necromancer
  4841 | D:12     | Noticed a skeletal warrior
  4841 | D:12     | Noticed a skeletal warrior
  4851 | D:11     | Found a staircase to the Lair.
  4860 | Lair:1   | Entered Level 1 of the Lair of Beasts
  4883 | Lair:1   | Reached skill level 11 in Axes
  4940 | Lair:1   | Received a gift from Okawaru
  4940 | Lair:1   | Reached skill level 12 in Axes
  5007 | Lair:2   | Reached XP level 12. HP: 48/103 MP: 16/18
  5054 | Lair:2   | Reached skill level 13 in Axes
  5377 | Lair:2   | Noticed Gastronok
  5406 | Lair:2   | Killed Gastronok
  5406 | Lair:2   | Received a gift from Okawaru
  5406 | Lair:2   | Reached skill level 14 in Axes
  5472 | Lair:2   | Noticed Erica
  5476 | Lair:2   | Noticed a six-headed hydra
  5481 | Lair:2   | Killed Erica
  5489 | Lair:2   | Killed a seven-headed hydra
  5489 | Lair:2   | Reached skill level 15 in Axes
  5607 | Lair:2   | Found a dark tunnel.
  5617 | Lair:2   | Reached skill level 16 in Axes
  5633 | Volcano  | Entered a volcano
  5649 | Volcano  | Noticed a two-headed ogre
  5649 | Volcano  | Noticed a two-headed ogre
  5654 | Volcano  | Killed a two-headed ogre
  5655 | Volcano  | Noticed a two-headed ogre
  5658 | Volcano  | Killed a two-headed ogre
  5661 | Volcano  | Reached skill level 17 in Axes
  5667 | Volcano  | Noticed a two-headed ogre
  5668 | Volcano  | Reached ****** piety under Okawaru
  5675 | Volcano  | Killed a two-headed ogre
  5675 | Volcano  | Reached XP level 13. HP: 63/108 MP: 14/19
  6065 | Lair:4   | Received a gift from Okawaru
  6075 | Lair:4   | Reached skill level 18 in Axes
  6160 | Lair:4   | Found a radiant altar of Vehumet.
  6307 | Lair:5   | Reached skill level 10 in Shields
  6379 | Lair:6   | Entered Level 6 of the Lair of Beasts
  6429 | Lair:6   | Found a viscous altar of Jiyva.
  6429 | Lair:6   | Found a staircase to the Slime Pits.
  6855 | D:11     | Got a faintly humming scale mail
  6866 | D:11     | Identified the +5 scale mail of Osedd {SInv} (You found it
                  | on level 11 of the Dungeon)
  6991 | D:10     | Found a staircase to the Orcish Mines.
  7004 | D:10     | Reached skill level 10 in Fighting
  7054 | D:10     | Received a gift from Okawaru
  7055 | D:10     | Got a distressingly furry scale mail {god gift}
  7066 | D:10     | Identified the +0 scale mail of the Monkey {rCorr} (Okawaru
                  | gifted it to you on level 10 of the Dungeon)
  7214 | D:10     | Reached XP level 14. HP: 126/126 MP: 20/20
  7215 | D:10     | Reached XP level 15. HP: 138/138 MP: 21/21
  7227 | Orc:1    | Entered Level 1 of the Orcish Mines
  7227 | Orc:1    | Found a bloodstained altar of Trog.
  7424 | Orc:2    | Entered Level 2 of the Orcish Mines
  7424 | Orc:2    | Found a staircase to the Elven Halls.
  7915 | Orc:2    | Found Lauryon's Food Boutique.
  7915 | Orc:2    | Found Koecw's Antique Armour Shoppe.
  7917 | Orc:2    | Found Voyloq's Antique Armour Emporium.
  7919 | Orc:2    | Found Veitaimu's Assorted Antiques.
  7931 | Orc:2    | Bought a scroll labeled GUDIRU AREOS for 21 gold pieces
  8061 | Orc:2    | Reached XP level 16. HP: 136/146 MP: 17/22
  8072 | Orc:2    | Found Faxuniqo's Antique Armour Shoppe.
  8080 | Orc:2    | Bought a pair of twisted boots for 323 gold pieces
  8085 | Orc:2    | Identified the +0 pair of boots of the Game of Kings
                  | {rElec} (You bought it in a shop on level 2 of the Orcish
                  | Mines)
  8154 | Orc:2    | Found Lahium's Distillery.
  8156 | Orc:2    | Found Xemogint's Antique Armour Shop.
  8159 | Orc:2    | Bought a transparent chain mail for 228 gold pieces
  8159 | Orc:2    | Bought a pair of embroidered gloves for 180 gold pieces
  8170 | Orc:2    | Identified the +5 chain mail "Sunaor" {+Inv rElec rN+} (You
                  | bought it in a shop on level 2 of the Orcish Mines)
  8186 | Orc:2    | Found an iron altar of Okawaru.
  8193 | Orc:2    | Found Ipes's Antique Armour Emporium.
  8218 | Orc:2    | Bought a potion of heal wounds for 55 gold pieces
  8218 | Orc:2    | Bought a potion of heal wounds for 55 gold pieces
  8218 | Orc:2    | Bought a potion of heal wounds for 55 gold pieces
  8218 | Orc:2    | Bought a potion of might for 44 gold pieces
  8218 | Orc:2    | Bought a potion of might for 44 gold pieces
  8406 | D:13     | Noticed Frances
  8423 | D:13     | Killed Frances
  8655 | D:15     | Entered Level 15 of the Dungeon
  8688 | D:15     | Received a gift from Okawaru
  8700 | D:15     | Reached skill level 15 in Shields
  8716 | D:15     | Slain by a 14-headed hydra

Levels and vault maps discovered:
D:1:      elethiomel_arrival_fortress_basement, layout_rooms, minivault_27,
          chequers_serial_rivers_micro_d, st_stairs_9, minivault_19
D:2:      layout_basic, hangedman_decor_lopped, uniq_robin
D:3:      layout_loops_corners, first_ration
D:4:      layout_cave_pods, grunt_temple_overflow_open,
          minmay_temple_entry_steel_oval, nicolae_ru_great_annihilating_truth
D:5:      layout_basic, bloody_makhleb
D:6:      layout_loops_ring, marbit_many_paths, kennysheep_mini,
          roderic_batcave, minmay_hollow_rounded_squares
D:7:      layout_gridville, uniq_harold, uniq_joseph, uniq_duvessa
D:8:      cheibrodos_shockbox, layout_cave_pods, basic_altar, uniq_grum
D:9:      layout_irregular_city
D:10:     layout_stronghold, orc_david_3, serial_shops,
          nicolae_shop_temple_entry_statues_fountains, shop, uniq_psyche,
          uniq_sonja, uniq_urug
D:11:     layout_irregular_city, dpeg_lair_monsters, portal_ice_cave_entry_imps,
          serial_undead, serial_undead_f, serial_undead_e, serial_undead_c,
          serial_undead_b, serial_undead_b, serial_undead_e, serial_undead_c,
          minmay_misc_feat_square
D:12:     minmay_the_grid_triangle_9x9_recursive_3
          [minmay_the_grid_triangle_9x9_warning,
          minmay_the_grid_triangle_9x9_tough_junction,
          minmay_the_grid_triangle_9x9_sprig,
          minmay_the_grid_triangle_9x9_prize_top_heavy,
          minmay_the_grid_triangle_9x9_minimal,
          minmay_the_grid_triangle_9x9_limited_checkers,
          minmay_the_grid_triangle_9x9_negative_grid,
          minmay_the_grid_triangle_9x9_checkered,
          minmay_the_grid_triangle_9x9_corruption], layout_grid_maze,
          uniq_azrael
D:13:     layout_basic, the_bakery, uniq_frances
D:14:     layout_loops_ring, grunt_vaults_entry_fortified, serial_shops, shop,
          gammafunk_ghost_grave
D:15:     hangedman_depths_entry_try_elsewhere_first, layout_irregular_city,
          chequers_serial_rivers_room_b, gauntlet_entry_generic,
          ashenzari_altar_1
Temple:   eino_wide_crystal_templ
Lair:1:   minmay_lair_venomous_thicket, layout_chaotic_city, grunt_megastairs_1,
          uniq_nergalle
Lair:2:   layout_cave_shapes, nicolae_volcano_entry_lava_flow,
          grunt_megastairs_2, uniq_erica, uniq_gastronok
Lair:3:   layout_loops_ring, nicolae_spider_entry_non_spiders
Lair:4:   layout_regular_city, elwin_shoals_entry_rooms, basic_altar,
          infiniplex_staircase_pool_2
Lair:5:   layout_concentric_octagons, serial_bayou_shore_a, grunt_megastairs_3,
          serial_bayou_shore_b
Lair:6:   evilmike_catoblepas_cave, layout_regular_city,
          dpeg_slime_entry_enclosed_altar
Orc:1:    layout_caves, basic_altar
Orc:2:    st_orc_rangers, layout_caves, serial_shops, shop,
          nicolae_shop_behind_doors, nicolae_shop_overgrown_old_shop, shop,
          okawaru_metal_pillars_1_2

Skill      XL: |  1  2  3  4  5  6  7  8  9 10 11 12 13 14 15 16 |
---------------+-------------------------------------------------+-----
Axes           | 3 4 5 6 8 10 12 17 18 | 18.3
Invocations    | 4 7 8 |  8.3
Fighting       | 6 8 12 14 | 14.4
Armour         | 6 9 10 | 10.0
Shields        | 6 9 10 13 15 | 15.1
Dodging        | 4 |  4.7

Action                   |  1- 3 |  4- 6 |  7- 9 | 10-12 | 13-15 | 16-18 || total
-------------------------+-------+-------+-------+-------+-------+-------++-------
Melee: War axe           |    34 |   210 |   181 |   260 |       |       ||   685
       Hand axe          |       |       |       |    82 |       |       ||    82
       Broad axe         |       |       |       |    68 |   362 |   120 ||   550
       Morningstar       |       |       |       |     3 |     8 |       ||    11
Invok: Heroism           |       |     1 |     7 |     9 |     6 |     2 ||    25
       Finesse           |       |       |       |     5 |     3 |     2 ||    10
Evoke: Wand              |       |       |     3 |    10 |       |       ||    13
  Use: Potion            |     2 |       |     6 |     2 |     2 |     1 ||    13
       Scroll            |       |     6 |     2 |     4 |     3 |     1 ||    16
 Stab: Petrified         |       |       |       |       |       |     3 ||     3
       Petrifying        |       |       |       |       |       |     2 ||     2
  Eat: Chunk             |       |     3 |     5 |     8 |     8 |     2 ||    26
Armor: Scale mail        |    18 |   100 |    37 |       |       |       ||   155
       Skin              |       |       |    22 |       |       |       ||    22
       Plate armour      |       |       |    11 |   153 |     2 |       ||   166
       Chain mail        |       |       |       |       |    97 |    38 ||   135
Dodge: Dodged            |    16 |    75 |    51 |   103 |    98 |    30 ||   373
Block: Shield            |    12 |   152 |    97 |   198 |   223 |    80 ||   762

Table legend:
 A = Non-vault XP
 B = Vault XP
 C = Vault XP percentage of total XP
 D = Non-vault monster count
 E = Vault monster count
 F = Vault count percentage of total count
                 A         B        C        D         E       F
            +---------+---------+-------+---------+---------+-------
      Total |   52435 |   25349 |  32.6 |     356 |      90 |  20.2
            +---------+---------+-------+---------+---------+-------
        D:1 |      31 |       6 |  16.2 |      17 |       3 |  15.0
        D:2 |      22 |       0 |   0.0 |       9 |       0 |   0.0
        D:3 |      86 |       4 |   4.4 |      18 |       2 |  10.0
        D:4 |     209 |       0 |   0.0 |       8 |       0 |   0.0
        D:5 |     531 |       0 |   0.0 |      14 |       0 |   0.0
        D:6 |     347 |       0 |   0.0 |       3 |       0 |   0.0
        D:7 |     775 |     439 |  36.2 |      20 |       1 |   4.8
        D:8 |     155 |     643 |  80.6 |       2 |       5 |  71.4
        D:9 |    1969 |       0 |   0.0 |      12 |       0 |   0.0
       D:10 |    2206 |    1022 |  31.7 |      25 |       8 |  24.2
       D:11 |    2048 |    6228 |  75.3 |      25 |      17 |  40.5
       D:12 |    1342 |       0 |   0.0 |      10 |       0 |   0.0
       D:13 |    4712 |    2366 |  33.4 |      16 |       2 |  11.1
       D:14 |    1023 |       0 |   0.0 |       4 |       0 |   0.0
       D:15 |    7593 |    1296 |  14.6 |      14 |       1 |   6.7
     Lair:1 |    1632 |     345 |  17.5 |       7 |       2 |  22.2
     Lair:2 |    7946 |    3720 |  31.9 |      34 |       4 |  10.5
     Lair:3 |     830 |       0 |   0.0 |       4 |       0 |   0.0
     Lair:4 |    2973 |       0 |   0.0 |      13 |       0 |   0.0
     Lair:5 |    1898 |       0 |   0.0 |       5 |       0 |   0.0
     Lair:6 |    2020 |       0 |   0.0 |       6 |       0 |   0.0
      Orc:1 |    2480 |       0 |   0.0 |      43 |       0 |   0.0
      Orc:2 |    9607 |    4967 |  34.1 |      47 |      36 |  43.4
    Volcano |       0 |    4313 | 100.0 |       0 |       9 | 100.0
            +---------+---------+-------+---------+---------+-------
